 Dungeon Crawl Stone Soup version 0.30-a0-118-ga018f8e90f (webtiles) character file.

Game seed: 15001931124527431838

1 IdlyInterested the Grave Robber (level 1, 0/13 HPs)
             Began as a Demonspawn Wanderer on Sept 13, 2022.
             Slain by a kobold
             ... wielding a +0 whip
              (3 damage)
             ... on level 1 of the Dungeon.
             The game lasted 00:00:50 (137 turns).

IdlyInterested the Grave Robber (DsWn)               Turns: 137, Time: 00:00:51

Health: 0/13       AC:  5    Str: 12    XL:     1   Next: 16%
Magic:  3/3        EV:  9    Int: 16    God:
Gold:   0          SH:  3    Dex:  9    Spells: 4/4 levels left

rFire   . . .      SeeInvis .    a - +0 club
rCold   . . .      Faith    .    d - +0 buckler
rNeg    . . .      Spirit   .    e - +0 ring mail
rPois   .          Reflect  .    (no helmet)
rElec   .          Harm     .    (no cloak)
rCorr   .          Rampage  .    (no gloves)
Will    .....                    (no boots)
Stlth   ..........               (no amulet)
HPRegen 0.04/turn                (no ring)
MPRegen 0.08/turn                (no ring)

@: no status effects
A: no striking features
a: no special abilities


You were on level 1 of the Dungeon.
You visited 1 branch of the dungeon, and saw 1 of its levels.

Inventory:

Hand Weapons
 a - a +0 club (weapon)
Armour
 c - a +0 robe
 d - a +0 buckler (worn)
 e - a +0 ring mail (worn)
Scrolls
 b - a scroll of blinking


   Skills:
 * Level 0.2 Fighting
 + Level 1.0 Armour
 - Level 1.0 Shields
 - Level 2.0 Spellcasting
 - Level 5.4 Necromancy
 - Level 1.0 Translocations


You had 4 spell levels left.
You didn't know any spells.
Your spell library contained the following spells:

 Spells                   Type           Power      Damage    Failure   Level
 Necrotise                Necr           76%        1d7       7%          1
 Sublimation of Blood     Necr           19%        N/A       11%         2
 Apportation              Tloc           8%         N/A       38%         1
 Cigotuvi's Dreadful Rot  Necr/Pois/Air  14%        N/A       43%         2
 Teleport Other           Tloc           4%         N/A       77%         3


Dungeon Overview and Level Annotations

Branches:
Dungeon (1/15)

Altars:


Message History

You hit the rat.
You kill the rat!
A frilled lizard comes into view.
The frilled lizard hisses angrily.
You miss the frilled lizard. The frilled lizard bites you.
You barely miss the frilled lizard. The frilled lizard barely misses you.
The frilled lizard bites you but does no damage.
You hit the frilled lizard.
The frilled lizard is heavily wounded.
The frilled lizard bites you but does no damage.
You hit the frilled lizard.
You kill the frilled lizard!
HP restored.
A kobold comes into view. It is wielding a +0 whip.
The kobold shouts!
The kobold barely misses you.
You barely miss the kobold. The kobold barely misses you.
You block the kobold's attack.
You barely miss the kobold. The kobold barely misses you.
You closely miss the kobold. The kobold hits you with a +0 whip.
You hit the kobold but do no damage. The kobold hits you but does no damage.
The kobold hits you with a +0 whip.
You completely miss the kobold. The kobold hits you but does no damage.
You miss the kobold. The kobold closely misses you.
You closely miss the kobold. The kobold hits you with a +0 whip. x2
You barely miss the kobold. The kobold hits you with a +0 whip.
* * * LOW HITPOINT WARNING * * *
You hit the kobold.
The kobold is heavily wounded.
The kobold barely misses you.
You hit the kobold but do no damage.
The kobold is heavily wounded.
You block the kobold's attack. The kobold hits you but does no damage.
You barely miss the kobold.
The kobold is heavily wounded.
The kobold closely misses you.
You hit the kobold but do no damage.
The kobold is heavily wounded.
The kobold hits you but does no damage. The kobold hits you with a +0 whip.
You die...

##....##
#.......###.#
#...##
#.###.##.#.##
#..## #.#
#.###.## #.##
#.####.###.#
### #+#
#..........#
#.####.#####
#.# #.# #@#
#K# #.# #.#
#.# #.# #.#
#.#


You could see a kobold.

Vanquished Creatures
  A frilled lizard (D:1)
  A rat (D:1)
2 creatures vanquished.

Notes
Turn   | Place    | Note
-------+----------+-------------------------------------------
     0 | D:1      | IdlyInterested the Demonspawn Wanderer began the quest for
                  | the Orb.
     0 | D:1      | IdlyInterested set off with the following items: a +0 club,
                  | a scroll of blinking, a +0 robe, a +0 buckler; and the
                  | following spells available to memorise: Necrotise,
                  | Sublimation of Blood, Apportation, Cigotuvi's Dreadful Rot,
                  | Teleport Other.
     0 | D:1      | Reached XP level 1. HP: 13/13 MP: 3/3
   137 | D:1      | Slain by a kobold

Illustrated notes

Levels and vault maps discovered:
D:1:      mrwooster_arrival_arrow, layout_loops_ring,
          nicolae_ecumenical_snake_handling

Action                   || total
-------------------------++-------
Melee: Club              ||    20
Armor: Ring mail         ||     9
Dodge: Dodged            ||     8
Block: Buckler           ||     2

Table legend: (Time is in decaauts)
 A = Elapsed time spent in this place.
 B = Non-inter-level travel time spent in this place.
 C = Inter-level travel time spent in this place.
 D = Time resting spent in this place.
 E = Time spent auto-exploring this place.
 F = Levels seen in this place.
 G = Mean time per level.
                   A        B        C        D        E       F      G
               +--------+--------+--------+--------+--------+-----+--------+
         Total |    143 |    143 |      0 |      0 |     87 |   1 |  143.0 |
       Dungeon |    143 |    143 |      0 |      0 |     87 |   1 |  143.0 |
               +--------+--------+--------+--------+--------+-----+--------+

Top non-repeatable levels by time:
     D:1: 143 daAuts
